 Dungeon Crawl Stone Soup version 0.32-a0-913-g739538afd8 (webtiles) character file.

Game seed: 11471839089934596017

1574122 KennySheep the Englaciator (level 27, 266/292 (302) HPs)
             Began as an Oni Conjurer on Apr 7, 2024.
             Was the Champion of Cheibriados.
             Escaped with the Orb
             ... and 3 runes on Apr 10, 2024!
             The game lasted 06:57:38 (76756 turns).

KennySheep the Englaciator (Oni Conjurer)          Turns: 76756, Time: 06:57:38

HP:   266/292 (302) AC: 16    Str: 34    XL:     27
MP:   38/43         EV: 14    Int: 50    God:    Cheibriados [******]
Gold: 3516          SH:  0    Dex: 25    Spells: 16/69 levels left

rFire   + . .        Q - staff "Dym Sotimp" {rC+ Will+ Int+6 Ice}
rCold   + . .        V - orb {*channel}
rNeg    + . .        R - +6 fire dragon scales
rPois   +            (helmet restricted)
rElec   +            Y - +0 cloak {Will+}
rCorr   +            (gloves unavailable)
SInv    +            (boots unavailable)
Will    ++++.        r - amulet of Patience {+Inv RegenMP+ rCorr Dex+3}
Stlth   +            q - ring "Uvefiukh" {Ice rElec rCorr SInv}
HPRegen 0.68/turn    b - ring of Soimnafe {rPois rN+ Int+2}
MPRegen 0.68/turn

%: channel magic (20%)
@: on vortex cooldown, studying Fire Magic, lightly drained, very slow
A: large, unfitting armour, horns 1, tough skin 1, double potion healing,
drunken brawling, deformed body, dopey 1, low MP 1
0: Orb of Zot
}: 3/15 runes: decaying, serpentine, silver
a: Renounce Religion, Evoke Invisibility, Bend Time, Temporal Distortion,
Slouch, Step From Time


You escaped.
You worshipped Cheibriados.
Cheibriados was exalted by your worship.
You visited 10 branches of the dungeon, and saw 48 of its levels.
You also visited: Gauntlet, Volcano and Desolation.

You collected 6436 gold pieces.
You spent 2920 gold pieces at shops.

Inventory:

Missiles
 X - a throwing net
Armour
 R - +6 fire dragon scales (worn)
 V - an orb of energy (worn)
 Y - a +0 cloak of willpower (worn)
Magical Staves
 B - the staff of the Gloaming {^Fragile rElec rN+ Int+3 Tloc Air}
   (You found it on level 5 of the Vaults)

   [staff of air]

   Base accuracy: +5 Base damage: 5 Base attack delay: 1.2 This weapon's minimum
   attack delay (0.6) is reached at skill level 12.
   Int+3:     It affects your intelligence (+3).
   rElec:     It insulates you from electricity.
   rN+:       It protects you from negative energy.
   ^Fragile:  It will be destroyed if unequipped.
   Tloc:      It increases the power of your Translocations spells.
   Air:       It increases the power of your Air spells.
   It falls into the 'Staves' category.
   It is a one-handed weapon.
 Q - the staff "Dym Sotimp" (weapon) {rC+ Will+ Int+6 Ice}
   (You found it on level 5 of the Vaults)

   [staff of cold]

   Base accuracy: +5 Base damage: 5 Base attack delay: 1.2 This weapon's minimum
   attack delay (0.6) is reached at skill level 12.
   Int+6:     It affects your intelligence (+6).
   rC+:       It protects you from cold.
   Will+:     It increases your willpower.
   Ice:       It increases the power of your Ice spells.
   It falls into the 'Staves' category.
   It is a one-handed weapon.
Jewellery
 b - the ring of Soimnafe (right hand) {rPois rN+ Int+2}
   (You found it on level 1 of the Realm of Zot)

   [ring of positive energy]

   Int+2:     It affects your intelligence (+2).
   rPois:     It protects you from poison.
   rN+:       It protects you from negative energy.
 h - the ring of Hiejaodi {Int+6 Dex+6}
   (You took it off a deep elf blademaster on level 3 of the Elven Halls)

   [ring of dexterity]

   Int+6:     It affects your intelligence (+6).
   Dex+6:     It affects your dexterity (+6).
 i - a ring of flight
 k - a ring of see invisible
 q - the ring "Uvefiukh" (left hand) {Ice rElec rCorr SInv}
   (You acquired it on level 10 of the Dungeon)

   [ring of ice]

   Ice:       It enhances your ice magic.
   rF-:       It makes you vulnerable to fire.
   rC+:       It protects you from cold.
   rElec:     It insulates you from electricity.
   SInv:      It lets you see invisible.
   rCorr:     It protects you from acid and corrosion.
 r - the amulet of Patience (around neck) {+Inv RegenMP+ rCorr Dex+3}
   (You found it in a Gauntlet)

   [amulet of magic regeneration]

   It increases your rate of magic regeneration.
   Dex+3:     It affects your dexterity (+3).
   +Inv:      It lets you turn invisible.
   rCorr:     It protects you from acid and corrosion.
   RegenMP+:  It increases your rate of magic regeneration.
Wands
 u - a wand of digging (22)
 w - a wand of warping (26)
 x - a wand of mindburst (32)
 y - a wand of charming (56)
 I - a wand of polymorph (23)
 K - a wand of flame (99)
 L - a wand of quicksilver (21)
Scrolls
 a - a scroll of fear
 d - 9 scrolls of vulnerability
 e - 9 scrolls of enchant weapon
 j - 5 scrolls of silence
 m - 13 scrolls of amnesia
 o - 6 scrolls of poison
 F - 8 scrolls of immolation
 G - 4 scrolls of brand weapon
 J - 2 scrolls of blinking
 N - a scroll of butterflies
 O - 9 scrolls of teleportation
 P - 10 scrolls of noise
 S - 4 scrolls of fog
 U - 2 scrolls of torment
Potions
 c - 5 potions of berserk rage
 f - 14 potions of curing
 g - 11 potions of might
 l - 2 potions of cancellation
 p - 4 potions of ambrosia
 s - 4 potions of enlightenment
 t - 12 potions of haste
 C - 4 potions of magic
 D - 2 potions of invisibility
 E - a potion of resistance
 H - 9 potions of attraction
 M - 10 potions of brilliance
 T - 10 potions of lignification
Miscellaneous
 v - a phantom mirror


   Skills:
 + Level 22.6 Fighting
 - Level 12.0 Staves
 - Level 12.1 Armour
 - Level 8.6 Dodging
 - Level 1.4 Stealth
 + Level 21.5 Spellcasting
 - Level 10.0 Conjurations
 - Level 13.0 Translocations
 O Level 27 Ice Magic
 - Level 1.0 Air Magic
 - Level 13.0 Invocations
 - Level 5.0 Evocations


You had 16 spell levels left.
You knew the following spells:

 Your Spells              Type           Power      Damage    Failure   Level
a - Ozocubu's Refrigerat  Ice            99%        4d29      1%          7
b - Sculpt Simulacrum     Ice/Alch       81%        N/A       2%          6
c - Iskenderun's Mystic   Conj/Tloc      100%       2d19      (+2d11%     4
d - Mephitic Cloud        Conj/Alch/Air  74%        N/A       3%          3
e - Dispersal             Tloc           55%        N/A       3%          6
f - Gell's Gavotte        Tloc           55%        2d(36-54) 3%          6
g - Vhi's Electric Charg  Tloc/Air       100%       N/A       2%          4
h - Frozen Ramparts       Ice            100%       1d16      1%          3
i - Hailstorm             Conj/Ice       100%       3d16      1%          3
j - Blink                 Tloc           100%       N/A       1%          2
k - Polar Vortex          Ice            99%        12d13*    4%          9

Your spell library contained the following spells:

 Spells                   Type           Power      Damage    Failure   Level
 Apportation              Tloc           100%       N/A       1%          1
 Foxfire                  Conj/Fire      100%       2x1d9     1%          1
 Freeze                   Ice            100%       1d10      1%          1
 Kiss of Death            Conj/Necr      100%       2d13      1%          1
 Magic Dart               Conj           100%       1d8       1%          1
 Shock                    Conj/Air       100%       1d9       1%          1
 Ensorcelled Hibernation  Hex/Ice        100%       N/A       1%          2
 Lesser Beckoning         Tloc           100%       N/A       1%          2
 Momentum Strike          Conj/Tloc      100%       3d10      1%          2
 Searing Ray              Conj           100%       2d8       1%          2
 Static Discharge         Conj/Air       100%       3-8/arc   1%          2
 Maxwell's Portable Pile  Tloc           100%       2d(15-43) 1%          3
 Ozocubu's Armour         Ice            100%       N/A       1%          3
 Summon Ice Beast         Ice/Summ       100%       N/A       1%          3
 Teleport Other           Tloc           100%       N/A       1%          3
 Volatile Blastmotes      Fire/Tloc      100%       2d18      1%          3
 Freezing Cloud           Conj/Ice/Air   79%        6-21      1%          5
 Metabolic Englaciation   Hex/Ice        81%        N/A       1%          5
 Dazzling Flash           Conj/Hex       100%       N/A       2%          3
 Iskenderun's Battlesphe  Conj           100%       2d15      2%          5
 Permafrost Eruption      Ice/Erth       81%        2x4d17    2%          6
 Necrotise                Necr           100%       1d9       3%          1
 Summon Small Mammal      Summ           100%       N/A       3%          1
 Dimensional Bullseye     Hex/Tloc       43%        N/A       3%          4
 Call Imp                 Summ           100%       N/A       4%          2
 Cigotuvi's Dreadful Rot  Necr/Alch/Air  100%       N/A       4%          2
 Jinxbite                 Hex            100%       N/A       4%          2
 Mercury Vapours          Alch/Air       100%       N/A       4%          2
 Scorch                   Fire           100%       2d9       4%          2
 Sublimation of Blood     Necr           52%        N/A       4%          2
 Flame Wave               Conj/Fire      81%        2d18      4%          4
 Fulminant Prism          Conj/Alch      40%        3d19      4%          4
 Swiftness                Air            59%        N/A       5%          3
 Summon Forest            Summ/Tloc      43%        N/A       5%          5
 Call Canine Familiar     Summ           52%        N/A       7%          3
 Confusing Touch          Hex            52%        N/A       7%          3
 Sigil of Binding         Hex            52%        N/A       7%          3
 Tukima's Dance           Hex            52%        N/A       7%          3
 Arcjolt                  Conj/Air       41%        1d51      7%          5
 Fireball                 Conj/Fire      40%        3d16      8%          5
 Irradiate                Conj/Alch      40%        3d25      8%          5
 Airstrike                Air            29%        2d(5-21)  11%         4
 Summon Lightning Spire   Summ/Air       56%        N/A       13%         4
 Anguish                  Hex/Necr       26%        N/A       14%         4
 Animate Armour           Summ/Erth      100%       N/A       14%         4
 Animate Dead             Necr           52%        N/A       14%         4
 Cause Fear               Hex            26%        N/A       14%         4
 Dispel Undead            Necr           52%        3d19      14%         4
 Ignite Poison            Fire/Alch      52%        N/A       14%         4
 Petrify                  Alch/Erth      52%        N/A       14%         4
 Sticky Flame             Fire/Alch      52%        2d9       14%         4
 Summon Blazeheart Golem  Fire/Summ      52%        N/A       14%         4
 Orb of Destruction       Conj           50%        9d13      19%         7
 Bombard                  Conj/Erth      40%        9d7       24%         6
 Starburst                Conj/Fire      40%        6d12      24%         6
 Silence                  Hex/Air        28%        N/A       28%         5
 Alistair's Intoxication  Alch           34%        N/A       32%         5
 Borgnjor's Vile Clutch   Necr/Erth      26%        N/A       32%         5
 Curse of Agony           Necr           52%        N/A       32%         5
 Summon Mana Viper        Hex/Summ       52%        N/A       32%         5
 Yara's Violent Unravell  Hex/Alch       26%        3d11      32%         5
 Malign Gateway           Summ/Tloc      43%        N/A       52%         7
 Spellforged Servitor     Conj/Summ      40%        N/A       71%         7
 Plasma Beam              Fire/Air       28%        2x1d40    75%         6
 Death Channel            Necr           26%        N/A       80%         6
 Eringya's Noxious Bog    Alch           26%        4d6       80%         6
 Summon Cactus Giant      Summ           26%        N/A       80%         6
 Enfeeble                 Hex            26%        N/A       100%        7
 Monstrous Menagerie      Summ           26%        N/A       100%        7
 Summon Hydra             Summ           26%        N/A       100%        7
 Ignition                 Fire           26%        3d9       100%        8
 Infestation              Necr           26%        N/A       100%        8
 Maxwell's Capacitive Co  Air            29%        ∞         100%        8
 Dragon's Call            Summ           26%        N/A       100%        9
 Shatter                  Erth           26%        3d22*     100%        9


Dungeon Overview and Level Annotations

Branches:
Dungeon (15/15)            Temple (1/1) D:4            Lair (5/5) D:11
  Swamp (4/4) Lair:2        Snake (4/4) Lair:2        Slime (0/5) Lair:4
    Orc (2/2) D:10            Elf (3/3) Orc:2        Vaults (5/5) D:13
  Crypt (0/3) Vaults:2     Depths (4/4) D:15            Zot (5/5) Depths:4
Volcano (visited)         Desolation (visited)      Gauntlet (visited)

Altars:
Ashenzari
Cheibriados
Dithmenos
Elyvilon
Fedhas
Gozag
Hepliaklqana
Kikubaaqudgha
Makhleb
Nemelex Xobeh
Okawaru
Qazlal
Ru
Sif Muna
Trog
Uskayaw
Vehumet
Wu Jian
Xom
Yredelemnul
Zin
The Shining One
Beogh
Jiyva

Shops:
D:4 [   Orc:1 !   Orc:2 :([?   Elf:1 (   Elf:2 (   Snake:1 [   Snake:3 ?*![(
Vaults:1 (   Vaults:3 [   Depths:1 :

Portals:
Hell: Depths:1 Depths:2 Depths:3 Depths:4
Abyss: Depths:3 Depths:4
Pandemonium: Depths:2 Depths:3
Ziggurat: Depths:4
Trove: Elf:2 (give horn of Geryon)

Annotations:
Swamp:2 1 exclusion
Snake:4 5 runed translucent doors
Elf:2 3 runed translucent doors
Elf:3 2 exclusions
Zot:5 3 runed translucent doors, Dyodd's ghost, veteran GnGl


Innate Abilities, Weirdness & Mutations

You are too large for most types of armour.
You have a pair of small horns on your head.
You have tough skin. (AC +1)
You gain doubled healing and magic from potions.
Whenever you drink a healing potion, you attack all around you.
Armour fits poorly on your strangely shaped body.
You are dopey. (Int -2)
Your magical capacity is low. (-10% MP)


Message History

A great freezing vortex appears and lifts you up.
Magical energy flows into your mind!
You hear a screech!
Fohiadd gestures at you.
The orb of electricity explodes!
The orb of electricity engulfs you!! You resist.
The orb of electricity engulfs Fohiadd!
Fohiadd resists.
Fohiadd bites you! Fohiadd drains your vigour!
You feel as though you will be slow longer.
Fohiadd bites you!! Fohiadd drains your vigour!
You feel as though you will be slow longer.
You hear a shout!
Okay, then.
Casting: Polar Vortex (dangerous; 4% risk of failure)
Confirm with . or Enter, or press ? or * to list all spells.
Casting: Dispersal (mildly dangerous; 3% risk of failure)
Press: ? - help, Dir - look around, f - activate Fohiadd blinks!
The smoke demon disappears!
The winds around you start to calm down.
You float gracefully downwards.
Your surroundings suddenly seem different.
The winds around you calm down.
You feel yourself speed up.
You see here a hobgoblin skeleton.
There is a stone staircase leading up, spattered with blood here.
You climb upwards.
There is a stone staircase leading down here.
You see here a bat skeleton.
An Executioner comes into view.
Casting: Polar Vortex (dangerous; 4% risk of failure)
Press: ? - help, Q - select action, (/) - cycle Dir - look around, f - activate You feel a strong surge of power!
A great freezing vortex appears and lifts you up.
The Executioner gestures.
The Executioner seems to speed up.
You kill the Executioner!
Cheibriados thoroughly appreciates the change of pace.
There is a staircase leading out of the dungeon here.
The winds around you start to calm down.
You float gracefully downwards.
You have escaped!

#..#..#.# #.....#
###########.#.....###.....#
#...........#...#.......###
#...##§§§.).####..###.....#
#..####§§...§§§...###...#.#
#.##.##§§§..§§....#.......##
#..##...§§##§###............
######........#§§§§§##.....#....#
#...##.......##§@§§§§.#(...#.....
#.............#§§§§§##.....#....#
#...##..##...§§##§###............
##.###.##.##§§§..§§.............#
##.# #..####§§...§§§.....##...###
...# #...##§§§...####..#.##.).#
#### ###....###..#...#...##...#
############÷#.....####...###
#.............#..#.# #......


There were no monsters in sight!

Vanquished Creatures
  3 dread liches
  9 ancient liches
  3 orbs of fire (Zot:5)
  Mara (Swamp:4)
  The ghost of Patrick2011b the Sorcerer, a veteran DjAl of Lugonu (Zot:1)
  3 Killer Klowns
  Saint Roka (Orc:2)
  4 caustic shrikes (Depths:4)
  4 curse toes
  A golden dragon (Vaults:5)
  Nikola (Snake:4)
  A pandemonium lord (Zot:3)
  Norris (Elf:1)
  A Tzitzimitl (D:2)
  2 electric golems (Zot:5)
  10 tentacled monstrosities
  Zenata (Vaults:3)
  A hellephant (Depths:3)
  25 Orb Guardians
  5 titans (Vaults:5)
  A walking frostbound tome (Depths:3)
  Mlioglotl (Snake:3)
  5 quicksilver dragons
  2 deep elf blademasters (Elf:3)
  5 sphinxes
  4 Executioners
  12 death cobs
  2 deep elf master archers (Elf:3)
  Agnes (Elf:2)
  7 shadow dragons
  A thorn hunter (Swamp:4)
  5 tengu reavers
  9 nagarajas
  16 storm dragons
  3 revenants (Depths:1)
  A fenstrider witch (Swamp:4)
  8 fire giants
  3 draconian monks
  6 protean progenitors
  5 deep elf sorcerers
  An imperial myrmidon (Desolation)
  5 draconian knights
  3 frost giants (Vaults:5)
  20 vault wardens
  An iron dragon (Vaults:5)
  Louise (Elf:1)
  3 deep elf elementalists (Elf:3)
  4 spectral juggernauts (Depths:1)
  5 draconian scorchers
  4 draconian shifters
  4 orc warlords
  2 ghouls (Swamp:4)
  4 angels (Zot:4)
  4 ghost moths
  13 draconian stormcallers
  19 ironbound preservers
  3 draconian annihilators
  A caustic shrike skeleton (Depths:1)
  15 stone giants
  A formless jellyfish (Vaults:1)
  12 very ugly things
  2 vampire knights (Depths:1)
  6 eleionomae
  7 ironbound thunderhulks
  6 black draconians
  2 war gargoyles (Vaults:5)
  8 green draconians
  7 deep elf demonologists
  5 bunyips
  5 deep elf death magi
  10 deep elf annihilators
  4 white draconians
  5 yellow draconians
  A minotaur (Gauntlet)
  9 red draconians
  19 dire elephants
  11 purple draconians
  A green death (Depths:2)
  10 ettins
  An entropy weaver (Vaults:2)
  5 jiangshi (Depths:1)
  A merfolk javelineer (Depths:2)
  A ragged hierophant (Desolation)
  2 crystal guardians (Vaults:3)
  6 deep elf high priests
  A quicksilver dragon skeleton (Depths:1)
  Erolcha (D:13)
  3 shambling mangroves (Swamp:4)
  4 rakshasas
  A servant of whispers (Desolation)
  5 fire dragons
  2 hell beasts (Depths:1)
  6 salamander tyrants
  10 yaktaur captains
  4 great orbs of eyes
  12 hydras
  A caustic shrike simulacrum (Depths:1)
  7 ice dragons
  5 ogre magi
  6 ghost crabs
  A sphinx zombie (Depths:1)
  34 vault guards
  Erica (D:9)
  A merfolk avatar (Lair:5)
  2 radroaches (Zot:4)
  11 anacondas
  2 spriggan air magi
  3 catoblepae
  8 centaur warriors
  9 ironbound frosthearts
  A juggernaut simulacrum (Depths:1)
  11 alligators
  2 death knights (Vaults:2)
  6 peacekeepers
  15 two-headed ogres
  17 dancing weapons
  A boulder beetle (D:14)
  7 deep troll shamans
  5 vampire magi (Depths:1)
  8 deep troll earth magi
  9 tengu warriors
  5 hell hogs (Depths:2)
  14 naga sharpshooters
  3 spriggan berserkers
  Urug (Lair:4)
  12 spriggans
  A demonic crawler (Lair:2)
  16 naga warriors
  9 shock serpents
  A titan zombie (Depths:1)
  2 occultists
  An alligator (shapeshifter) (Vaults:5)
  2 soul eaters
  14 deep elf knights
  9 hell knights
  4 sun demons
  A spectral spriggan (Depths:1)
  A fire crab (Volcano)
  3 iron trolls
  4 shadow wraiths
  7 salamander mystics
  5 skysharks
  3 goliath frogs
  A quicksilver dragon simulacrum (Depths:1)
  2 death drakes
  11 spriggan druids
  14 sea snakes
  A swamp dragon (shapeshifter) (Vaults:5)
  A sea snake (shapeshifter) (Zot:4)
  4 bog bodies
  4 skeletal warriors
  16 deep elf archers
  7 naga ritualists
  3 glowing orange brains
  9 arcanists
  5 swamp dragons
  2 mana vipers (shapeshifter) (Vaults:5)
  6 flayed ghosts
  47 deep trolls
  A shadow dragon zombie (Depths:1)
  12 mana vipers
  4 lindwurms
  10 phantasmal warriors
  8 harpies
  5 thermic dynamos
  3 necromancers
  27 ironbound convokers
  35 deep elf pyromancers
  45 ugly things
  15 orc knights
  A tengu zombie (Depths:1)
  6 manticores
  A sphinx simulacrum (Depths:1)
  A salamander (shapeshifter) (Vaults:5)
  32 deep elf zephyrmancers
  2 orc sorcerers
  26 salamanders
  4 cyclopes
  A faun (shapeshifter) (Elf:3)
  4 oklob plants
  A fire giant zombie (Depths:1)
  12 elephants
  7 will-o-the-wisps
  20 moths of wrath
  A centaur zombie (Gauntlet)
  7 kobold blastminers
  24 naga magi
  5 guardian serpents
  32 black mambas
  A rust devil (D:2)
  3 apocalypse crabs (Swamp:3)
  15 vault sentinels
  A molten gargoyle (Vaults:1)
  13 cane toads
  3 large abominations (Depths:4)
  2 orange demons
  2 smoke demons (Depths:2)
  2 torpor snails
  A minotaur zombie (Gauntlet)
  The ghost of Heh the Slasher, a novice CoGl of Beogh (D:5)
  A komodo dragon (shapeshifter) (Vaults:5)
  6 komodo dragons
  A hellion (Depths:2)
  4 unseen horrors
  2 rime drakes
  29 yaktaurs
  3 tengu conjurers
  A red devil (Depths:2)
  3 freezing wraiths
  17 trolls
  A golden dragon simulacrum (Depths:1)
  4 hydra zombies (Swamp:4)
  A wind drake (shapeshifter) (D:13)
  A wind drake (Lair:5)
  16 hornets
  7 polar bears
  8 tyrant leeches
  12 blink frogs
  2 hydra skeletons (Swamp:4)
  14 saltlings
  2 spriggan zombies (Depths:1)
  4 dream sheep (Lair:4)
  A frost giant simulacrum (Depths:1)
  37 slime creatures
  A shadow (D:11)
  40 yaks
  4 wyverns
  A fire bat (Volcano)
  2 wraiths
  2 redbacks (Vaults:2)
  9 water elementals
  3 fire elementals
  3 steam dragons
  4 basilisks
  5 golden eyes (Depths:2)
  6 wargs
  Grum (D:10)
  6 chaos spawn
  5 vampire mosquitoes
  3 acid dragons
  13 swamp worms
  52 nagas
  2 hell hounds (Volcano)
  5 hydra simulacra (Swamp:4)
  13 water moccasins
  10 swamp drakes
  A glowing shapeshifter zombie (Depths:1)
  A glowing shapeshifter skeleton (Depths:1)
  2 sky beasts (D:6)
  A swamp dragon zombie (Swamp:4)
  An unseen horror (shapeshifter) (Vaults:5)
  4 small abominations (Depths:4)
  2 laughing skulls
  3 black bears
  An ice beast (D:5)
  22 orc warriors
  24 ogres
  10 wolves
  5 boggarts
  10 centaurs
  3 phantoms
  6 kobold brigands
  A gnoll sergeant (D:9)
  7 scorpions
  13 bullfrogs
  2 earth elementals
  A glowing shapeshifter simulacrum (Depths:1)
  9 wights
  3 killer bees (D:9)
  A tengu skeleton (Depths:1)
  11 howler monkeys
  4 electric eels
  2 bombardier beetles
  A crimson imp (D:6)
  A spectral boggart (Gauntlet)
  6 gnoll boudas
  15 orc priests
  2 hounds
  3 jellies
  4 iguanas
  Ijyb (D:4)
  20 orc wizards
  33 gnolls
  8 adders
  3 shadow imps
  A swamp drake skeleton (Swamp:4)
  A white imp (D:6)
  4 ufetubi
  3 dart slugs
  4 ribbon worms
  61 orcs
  5 endoplasms
  5 giant cockroaches
  7 hobgoblins
  6 jackals
  4 quokkas
  5 ball pythons
  5 bats
  2 frilled lizards
  7 goblins
  4 goblin skeletons (D:6)
  A goblin zombie (D:6)
  A hobgoblin zombie (D:6)
  9 kobolds
  2 kobold skeletons (D:6)
  A kobold zombie (D:6)
  An orc skeleton (D:6)
  10 rats
  10 aspiring fleshes
  A butterfly (Zot:4)
  3 foxfires (Swamp:1)
2080 creatures vanquished.

Vanquished Creatures (collateral kills)
  A spriggan (Swamp:1)
1 creature vanquished.

Vanquished Creatures (others)
  An eldritch tentacle (Zot:5)
  A deep elf pyromancer (Elf:2)
  4 bloated husks
  A water elemental (Elf:2)
  An acid dragon (Lair:4)
  11 foxfires
19 creatures vanquished.

Grand Total: 2100 creatures vanquished

Notes
Turn   | Place    | Note
-------+----------+-------------------------------------------
     0 | D:1      | KennySheep the Oni Conjurer began the quest for the Orb.
     0 | D:1      | Reached XP level 1. HP: 16/16 MP: 3/3
   198 | D:1      | Reached XP level 2. HP: 24/24 MP: 1/5
   201 | D:1      | Learned a level 2 spell: Searing Ray
  1027 | D:2      | Reached skill level 1 in Translocations
  1075 | D:2      | Reached XP level 3. HP: 26/32 MP: 3/7
  1251 | D:2      | Reached skill level 1 in Fighting
  1415 | D:2      | Identified the +4 ring mail of the Armadillo {rN+ Str+3
                  | Stlth+}
  1442 | D:2      | Reached XP level 4. HP: 28/41 MP: 5/8
  1461 | D:2      | HP: 2/41 [gnoll/+0 spear (7)]
  1690 | D:2      | Found a faded altar of an unknown god.
  2124 | D:3      | Learned a level 4 spell: Iskenderun's Mystic Blast
  2178 | D:3      | Reached XP level 5. HP: 49/49 MP: 7/10
  2671 | D:4      | Reached XP level 6. HP: 55/59 MP: 6/12
  2830 | D:4      | Reached skill level 5 in Conjurations
  2855 | D:4      | Found a staircase to the Ecumenical Temple.
  2866 | D:4      | Noticed Ijyb
  2877 | D:4      | Killed Ijyb
  2882 | D:4      | Reached XP level 7. HP: 32/67 MP: 3/14
  3015 | Temple   | Entered the Ecumenical Temple
  3223 | D:4      | Found Qali's Armour Emporium.
  3491 | D:4      | Found a snail-covered altar of Cheibriados.
  3522 | D:4      | Found a sparkling altar of Nemelex Xobeh.
  3759 | D:4      | Became a worshipper of Cheibriados the Contemplative
  3801 | D:5      | Entered Level 5 of the Dungeon
  3817 | D:5      | Reached skill level 5 in Spellcasting
  3919 | D:5      | Found a broken altar of Ashenzari.
  3938 | D:5      | Found a shadowy altar of Dithmenos.
  3967 | D:5      | Found a runed translucent gate.
  3967 | D:5      | Found a runed translucent gate.
  3983 | D:5      | Found a runed translucent gate.
  3984 | D:5      | Noticed Heh's ghost (novice CoGl)
  4197 | D:5      | Reached skill level 1 in Invocations
  4222 | D:5      | Found an ancient bone altar of Kikubaaqudgha.
  4394 | D:5      | Reached XP level 8. HP: 67/78 MP: 8/16
  4947 | D:6      | Found a glowing golden altar of the Shining One.
  5209 | D:6      | Reached * piety under Cheibriados
  5372 | D:6      | Found an ornate altar of the Wu Jian Council.
  5470 | D:6      | Reached skill level 5 in Fighting
  5484 | D:6      | Learned a level 3 spell: Mephitic Cloud
  5566 | D:6      | Reached skill level 5 in Translocations
  5566 | D:6      | Reached XP level 9. HP: 85/88 MP: 14/19
  5576 | D:6      | Found a burning altar of Makhleb.
  5761 | D:6      | Found a bloodstained altar of Trog.
  5901 | D:7      | Found a radiant altar of Vehumet.
  5988 | D:7      | Reached ** piety under Cheibriados
  6143 | D:7      | Learned a level 6 spell: Dispersal
  6150 | D:7      | Learned a level 6 spell: Gell's Gavotte
  6383 | D:7      | Found a basalt altar of Yredelemnul.
  6383 | D:7      | Found a shimmering blue altar of Sif Muna.
  6614 | D:8      | Reached *** piety under Cheibriados
  7618 | D:9      | Noticed a troll
  7737 | D:9      | Reached XP level 10. HP: 78/100 MP: 12/22
  7896 | D:9      | Reached skill level 5 in Invocations
  7908 | D:9      | Reached **** piety under Cheibriados
  8205 | D:9      | Noticed Erica
  8210 | D:9      | Killed Erica
  8365 | D:10     | Entered Level 10 of the Dungeon
  8365 | D:10     | Found a hide-covered altar of Uskayaw.
  8607 | D:10     | Found a staircase to the Orcish Mines.
  8834 | D:10     | Found an opulent altar of Gozag.
  8915 | D:10     | Found an iron altar of Okawaru.
  8982 | D:10     | Reached XP level 11. HP: 102/109 MP: 10/24
  8990 | D:10     | Noticed Grum
  8990 | D:10     | Killed Grum
  9386 | D:10     | Identified a scroll of acquirement
  9394 | D:10     | Acquired the ring "Uvefiukh" {Ice rElec rCorr SInv}
  9430 | D:11     | Found a gate leading to a gauntlet.
  9443 | D:11     | Reached ***** piety under Cheibriados
  9444 | D:11     | Reached skill level 1 in Armour
  9449 | Gauntlet | Entered a Gauntlet
  9449 | Gauntlet | Noticed a catoblepas
  9449 | Gauntlet | Noticed a death drake
  9449 | Gauntlet | Found a transporter.
  9449 | Gauntlet | Found a transporter.
  9449 | Gauntlet | Found a transporter.
  9486 | Gauntlet | Found a transporter.
  9488 | Gauntlet | Found a large runed translucent door.
  9489 | Gauntlet | Found a large runed translucent door.
  9490 | Gauntlet | Found a large runed translucent door.
  9490 | Gauntlet | Found a large runed translucent door.
  9490 | Gauntlet | Found a runed translucent door.
  9490 | Gauntlet | Found a runed translucent door.
  9491 | Gauntlet | Found a large runed translucent door.
  9492 | Gauntlet | Found a large runed translucent door.
  9493 | Gauntlet | Found a large runed translucent door.
  9493 | Gauntlet | Found a large runed translucent door.
  9494 | Gauntlet | Found a runed translucent gate.
  9494 | Gauntlet | Found a runed translucent gate.
  9494 | Gauntlet | Found a runed translucent gate.
  9496 | Gauntlet | Found a transporter.
  9498 | Gauntlet | Noticed a dire elephant
  9505 | Gauntlet | Found a large runed translucent door.
  9505 | Gauntlet | Found a large runed translucent door.
  9506 | Gauntlet | Found a large runed translucent door.
  9507 | Gauntlet | Found a large runed translucent door.
  9514 | Gauntlet | Noticed a large abomination
  9517 | Gauntlet | Found a transporter.
  9518 | Gauntlet | Found a large runed translucent door.
  9518 | Gauntlet | Found a large runed translucent door.
  9519 | Gauntlet | Found a large runed translucent door.
  9520 | Gauntlet | Found a large runed translucent door.
  9526 | Gauntlet | Found a transporter.
  9533 | Gauntlet | Found a transporter.
  9575 | Gauntlet | Found a transporter.
  9580 | Gauntlet | Noticed an arcanist
  9592 | Gauntlet | Found a transporter.
  9600 | Gauntlet | Found a transporter.
  9602 | Gauntlet | Found the +2 pair of slick slippers {slick, slippery, EV+4}
  9602 | Gauntlet | Noticed a large abomination
  9617 | Gauntlet | Found a transporter.
  9681 | Gauntlet | Killed a death drake
  9686 | Gauntlet | Reached skill level 10 in Spellcasting
  9743 | Gauntlet | Identified the amulet of Patience {+Inv RegenMP+ rCorr
                  | Dex+3}
  9757 | Gauntlet | Identified the +0 leather armour of Zovijah {rN+ Regen+
                  | Int+4}
  9801 | Gauntlet | Killed a dire elephant
  9842 | Gauntlet | Identified the +1 pair of boots of Failure {Str+4}
  9854 | Gauntlet | Identified the staff "Cusuloo" {rElec rC+ Ice}
  9854 | Gauntlet | Noticed a minotaur
  9889 | Gauntlet | Killed a minotaur
  9933 | Gauntlet | Got Sif Muna's Directory of Dusty Destruction
 10030 | D:11     | Noticed a two-headed ogre
 10038 | D:11     | Killed a two-headed ogre
 10090 | D:11     | Noticed a two-headed ogre
 10169 | D:11     | Killed a two-headed ogre
 10170 | D:11     | Reached XP level 12. HP: 122/122 MP: 13/26
 10205 | D:11     | Found a staircase to the Lair.
 10309 | D:11     | Noticed a fire giant
 10577 | D:11     | Noticed a two-headed ogre
 11265 | D:4      | Bought +0 fire dragon scales for 600 gold pieces
 11472 | Lair:1   | Entered Level 1 of the Lair of Beasts
 11893 | Lair:1   | Reached skill level 10 in Conjurations
 12680 | Lair:2   | Noticed a six-headed hydra
 12690 | Lair:2   | Killed a six-headed hydra
 12691 | Lair:2   | Reached skill level 1 in Staves
 12741 | Lair:2   | Identified the +1 spear of the Eight Princes {protect,
                  | Str+4}
 12792 | Lair:2   | Noticed a demonic crawler
 12822 | Lair:2   | Noticed a six-headed hydra
 12830 | Lair:2   | Killed a six-headed hydra
 12854 | Lair:2   | Noticed a seven-headed hydra
 12859 | Lair:2   | Killed a seven-headed hydra
 12969 | Lair:2   | Found a staircase to the Swamp.
 13141 | Lair:2   | Reached skill level 10 in Fighting
 13142 | Lair:2   | Reached XP level 13. HP: 88/133 MP: 9/28
 13252 | Lair:2   | Found a staircase to the Snake Pit.
 13692 | Lair:3   | Reached skill level 10 in Translocations
 13918 | Lair:3   | Reached ****** piety under Cheibriados
 14348 | Lair:3   | Identified the +1 spear "Goblinslayer" {heavy, rCorr}
 14655 | Lair:3   | Learned a level 4 spell: Vhi's Electric Charge
 14659 | Lair:3   | Learned a level 3 spell: Frozen Ramparts
 15098 | Lair:3   | Identified the +5 ring mail "Urphusaink" {Harm *Corrode rN+
                  | Will+}
 15309 | Lair:4   | Found a viscous altar of Jiyva.
 15309 | Lair:4   | Found a staircase to the Slime Pits.
 15566 | Lair:4   | Learned a level 3 spell: Hailstorm
 15641 | Lair:4   | Reached skill level 1 in Air Magic
 15837 | Lair:4   | Reached skill level 5 in Armour
 15848 | Lair:4   | Noticed Urug
 15862 | Lair:4   | Killed Urug
 15878 | Lair:4   | Reached skill level 1 in Ice Magic
 16182 | Lair:5   | Entered Level 5 of the Lair of Beasts
 16553 | Lair:5   | Reached XP level 14. HP: 141/146 MP: 22/31
 16644 | Lair:5   | Reached skill level 2 in Ice Magic
 17924 | Lair:5   | Identified the +8 shortbow of Woe {freeze, rF+}
 17927 | Lair:5   | Identified the +0 rapier "Tyuram" {flame, ^Fragile Str+4}
 18076 | Lair:5   | Reached skill level 5 in Staves
 18076 | Lair:5   | Reached skill level 3 in Ice Magic
 18626 | Orc:1    | Entered Level 1 of the Orcish Mines
 18971 | Orc:1    | Found Ladghuut's Distillery.
 19005 | Orc:1    | Bought a potion of ambrosia for 104 gold pieces
 19005 | Orc:1    | Bought 2 potions of curing for 78 gold pieces
 19005 | Orc:1    | Bought a potion of ambrosia for 104 gold pieces
 19005 | Orc:1    | Bought a potion of curing for 39 gold pieces
 19005 | Orc:1    | Bought a potion of berserk rage for 65 gold pieces
 19202 | Orc:1    | Reached skill level 10 in Invocations
 19407 | Orc:1    | Found a roughly hewn altar of Beogh.
 19507 | Orc:2    | Entered Level 2 of the Orcish Mines
 19672 | Orc:2    | Found a staircase to the Elven Halls.
 19730 | Orc:2    | Found a dark tunnel.
 19735 | Volcano  | Entered a volcano
 20269 | Orc:2    | Found a roughly hewn altar of Beogh.
 20305 | Orc:2    | Reached XP level 15. HP: 130/156 MP: 17/33
 20323 | Orc:2    | Noticed Saint Roka
 20331 | Orc:2    | Reached skill level 4 in Ice Magic
 20346 | Orc:2    | Killed Saint Roka
 21103 | Orc:2    | Found Agroaves's Book Shop.
 21112 | Orc:2    | Found Feali's Antique Armour Shop.
 21113 | Orc:2    | Found Ilywkite's Magic Scroll Emporium.
 21123 | Orc:2    | Found Zilag's Antique Weapon Boutique.
 21141 | Orc:2    | Learned a level 4 spell: Dispel Undead
 21141 | Orc:2    | Bought a scroll of blinking for 105 gold pieces
 21955 | D:12     | You fall into a shaft and drop 2 floors!
 22288 | D:14     | Reached skill level 15 in Spellcasting
 23064 | D:15     | Entered Level 15 of the Dungeon
 23555 | D:15     | Reached XP level 16. HP: 119/169 MP: 12/35
 24009 | D:15     | Found a staircase to the Depths.
 24927 | D:13     | Found a gate to the Vaults.
 24946 | D:13     | Reached skill level 5 in Ice Magic
 25208 | D:13     | Noticed Erolcha
 25210 | D:13     | Killed Erolcha
 26092 | Swamp:1  | Entered Level 1 of the Swamp
 26596 | Swamp:1  | Reached skill level 6 in Ice Magic
 26607 | Swamp:1  | Learned a level 7 spell: Ozocubu's Refrigeration
 27549 | Swamp:2  | Reached XP level 17. HP: 165/180 MP: 25/37
 27616 | Swamp:2  | Reached skill level 7 in Ice Magic
 28761 | Swamp:3  | Found a runed translucent door.
 28867 | Swamp:4  | Entered Level 4 of the Swamp
 28935 | Swamp:4  | Reached skill level 8 in Ice Magic
 28968 | Swamp:4  | Paralysed by a fenstrider witch for 5 turns
 29216 | Swamp:4  | Noticed Mara
 29337 | Snake:1  | Entered Level 1 of the Snake Pit
 29424 | Snake:1  | Reached skill level 15 in Fighting
 30040 | Snake:1  | Identified the +3 leather armour "Builusam" {Will++}
 30326 | Snake:1  | Reached skill level 9 in Ice Magic
 30521 | Snake:1  | Found Haddaog's Antique Armour Shop.
 31550 | Snake:2  | Reached skill level 10 in Ice Magic
 32761 | Snake:2  | Reached skill level 11 in Ice Magic
 33051 | Snake:2  | Learned a level 9 spell: Polar Vortex
 33158 | Snake:3  | Reached XP level 18. HP: 187/193 MP: 24/38
 33228 | Snake:3  | Noticed Mlioglotl
 33233 | Snake:3  | Killed Mlioglotl
 33289 | Snake:3  | Found Pusse's Weapon Shoppe.
 33291 | Snake:3  | Found Kausk's General Store.
 33319 | Snake:3  | Found Teonibb's Armour Shoppe.
 33348 | Snake:3  | Found Wun Utood's Distillery.
 33348 | Snake:3  | Found Osirec's Magic Scroll Emporium.
 33362 | Snake:3  | Bought a scroll of enchant armour for 82 gold pieces
 33362 | Snake:3  | Bought a scroll of revelation for 82 gold pieces
 33362 | Snake:3  | Bought a scroll of fear for 44 gold pieces
 33362 | Snake:3  | Bought a scroll of teleportation for 33 gold pieces
 33362 | Snake:3  | Bought a scroll of torment for 104 gold pieces
 33362 | Snake:3  | Bought a scroll of blinking for 82 gold pieces
 33369 | Snake:3  | Bought a potion of curing for 57 gold pieces
 33369 | Snake:3  | Bought a potion of curing for 57 gold pieces
 33369 | Snake:3  | Bought a potion of brilliance for 76 gold pieces
 33369 | Snake:3  | Bought a potion of curing for 57 gold pieces
 33369 | Snake:3  | Bought a potion of curing for 57 gold pieces
 33383 | Snake:3  | Bought a scroll of revelation for 112 gold pieces
 33383 | Snake:3  | Bought a scroll of silence for 142 gold pieces
 33383 | Snake:3  | Bought a potion of cancellation for 120 gold pieces
 33556 | Snake:3  | Reached skill level 12 in Ice Magic
 34617 | Snake:3  | Reached skill level 13 in Ice Magic
 35550 | Snake:3  | Reached skill level 14 in Ice Magic
 35757 | Snake:4  | Entered Level 4 of the Snake Pit
 35792 | Snake:4  | Found a huge runed translucent gate.
 35792 | Snake:4  | Found a huge runed translucent gate.
 35793 | Snake:4  | Found a huge runed translucent gate.
 35794 | Snake:4  | Found a huge runed translucent gate.
 35794 | Snake:4  | Found a huge runed translucent gate.
 36451 | Snake:4  | Reached skill level 15 in Ice Magic
 36793 | Snake:4  | Reached XP level 19. HP: 197/201 MP: 13/39
 37073 | Snake:4  | Reached skill level 16 in Ice Magic
 37915 | Snake:4  | Got a serpentine rune of Zot
 37997 | Snake:4  | Noticed Nikola
 38003 | Snake:4  | Killed Nikola
 38562 | D:5      | Killed Heh's ghost
 39936 | Swamp:4  | Killed Mara
 39937 | Swamp:4  | Reached skill level 17 in Ice Magic
 40410 | Swamp:4  | Found a blossoming altar of Fedhas.
 40460 | Swamp:4  | Got a decaying rune of Zot
 40500 | Swamp:4  | Found a basalt altar of Yredelemnul.
 40813 | Vaults:1 | Entered Level 1 of the Vaults
 40935 | Vaults:1 | Found Lolig's Antique Weapon Shoppe.
 40976 | Vaults:1 | Reached skill level 18 in Ice Magic
 41061 | Vaults:1 | Found a crumbling gateway.
 41084 | Desolati | Entered the Desolation of Salt
 41137 | Desolati | Reached XP level 20. HP: 89/209 MP: 22/40
 41727 | Vaults:1 | Reached skill level 19 in Ice Magic
 43251 | Vaults:2 | Found a staircase to the Crypt.
 43641 | Vaults:2 | Reached skill level 20 in Ice Magic
 44882 | Vaults:3 | Noticed Zenata
 44887 | Vaults:3 | Killed Zenata
 45117 | Vaults:3 | Reached skill level 21 in Ice Magic
 45280 | Vaults:3 | Reached XP level 21. HP: 218/218 MP: 22/41
 45509 | Vaults:3 | Found Mucluxar's Antique Armour Emporium.
 45695 | Vaults:3 | Bought a glowing scarf for 336 gold pieces
 47289 | Vaults:4 | Reached skill level 22 in Ice Magic
 47830 | Vaults:5 | Entered Level 5 of the Vaults
 48513 | Elf:1    | Entered Level 1 of the Elven Halls
 48513 | Elf:1    | Noticed Norris
 48520 | Elf:1    | Killed Norris
 48645 | Elf:1    | Reached skill level 23 in Ice Magic
 48988 | Elf:1    | Got the Textbook on Accompaniment
 49137 | Elf:1    | Found Vot Ceani's Weapon Shop.
 49346 | Elf:1    | Found a runed translucent gate.
 49346 | Elf:1    | Found a runed translucent gate.
 49348 | Elf:1    | Found a runed translucent gate.
 49523 | Elf:1    | Noticed Louise
 49526 | Elf:1    | Killed Louise
 49796 | Elf:2    | Found Zorhut's Weapon Shoppe.
 49999 | Elf:2    | Reached XP level 22. HP: 227/227 MP: 12/42
 50506 | Elf:2    | Noticed Agnes
 50509 | Elf:2    | Killed Agnes
 50544 | Elf:2    | Found a portal to a secret trove of treasure.
 51029 | Elf:2    | Reached skill level 24 in Ice Magic
 51110 | Elf:2    | Found a runed translucent gate.
 51124 | Elf:2    | Found a runed translucent gate.
 51124 | Elf:2    | Found a runed translucent gate.
 51452 | Elf:3    | Entered Level 3 of the Elven Halls
 52506 | Elf:3    | Identified the +7 short sword of Terror {flame, rElec
                  | rCorr}
 52592 | Elf:3    | Identified the +4 halberd of Freehold {drain, rCorr Dex+3}
 52603 | Elf:3    | Identified the ring "Lamioje" {Str+6 Slay+2}
 52870 | Elf:3    | Identified the ring "Ute Locs" {rC+ Str+5}
 52969 | Elf:3    | Identified the +3 spear of Dominance {drain, rPois rC+
                  | Int+2}
 52981 | Elf:3    | Reached skill level 25 in Ice Magic
 53118 | Elf:3    | Identified the ring of Hiejaodi {Int+6 Dex+6}
 53190 | Elf:3    | Identified the +2 war axe of Moral Flaws {freeze, rCorr
                  | Int-3 Dex+3}
 53193 | Elf:3    | Identified the +2 pair of gloves "Weib" {^Drain Dex+2
                  | Slay+5}
 53200 | Elf:3    | Identified the +5 sling of the Several Quests {heavy, Fly}
 53201 | Elf:3    | Identified the +2 long sword of Sharkskin {drain, Fly rPois
                  | rF+}
 53209 | Elf:3    | Identified the +8 dire flail of Intimidation {drain,
                  | *Corrode Will+ Str+3 Dex+2}
 53255 | Elf:3    | Learned a level 6 spell: Sculpt Simulacrum
 53524 | Depths:1 | Entered Level 1 of the Depths
 54364 | Depths:1 | Reached XP level 23. HP: 158/234 MP: 33/43
 54869 | Depths:1 | Found an ancient bone altar of Kikubaaqudgha.
 54968 | Depths:1 | Found Anwa Erch's Book Boutique.
 54970 | Depths:1 | Found a gateway to Hell.
 54972 | Depths:1 | Bought the Papyrus of the Puffin for 384 gold pieces
 54975 | Depths:1 | Learned a level 2 spell: Blink
 55093 | Depths:1 | Identified the +6 broad axe of Untruth {freeze, rN+ Str+2
                  | Stlth+}
 55382 | Depths:2 | Reached skill level 26 in Ice Magic
 57106 | Depths:2 | Found a one-way gate leading to the halls of Pandemonium.
 57286 | Depths:2 | Identified the +0 chain mail of a Labyrinth {rN+ Str+2
                  | Int+6}
 58027 | Depths:3 | Found a one-way gate to the infinite horrors of the Abyss.
 58635 | Depths:3 | Found a hide-covered altar of Uskayaw.
 58695 | Depths:4 | Entered Level 4 of the Depths
 58880 | Depths:4 | Found a one-way gateway to a ziggurat.
 59446 | Depths:4 | Reached XP level 24. HP: 236/248 MP: 27/43
 59543 | Depths:4 | Reached skill level 10 in Armour
 59564 | Depths:4 | Found a gate to the Realm of Zot.
 59763 | Depths:4 | Noticed a caustic shrike
 59763 | Depths:4 | Noticed a caustic shrike
 59763 | Depths:4 | Noticed a caustic shrike
 59763 | Depths:4 | Noticed a caustic shrike
 59767 | Depths:4 | Killed a caustic shrike
 59768 | Depths:4 | Killed a caustic shrike
 59768 | Depths:4 | Killed a caustic shrike
 59769 | Depths:4 | Killed a caustic shrike
 60739 | Vaults:5 | Found the +18 shield of the Gong {Loud rN+ Will+ rCorr
                  | EV-5}
 60742 | Vaults:5 | Identified the staff of the Gloaming {^Fragile rElec rN+
                  | Int+3 Tloc Air}
 60747 | Vaults:5 | Identified the staff "Dym Sotimp" {rC+ Will+ Int+6 Ice}
 60849 | Vaults:5 | Identified the +6 trident of Dishonour {flame, ^Drain rF+
                  | Dex+5}
 60864 | Vaults:5 | Reached skill level 5 in Dodging
 60910 | Vaults:5 | Identified the +2 shortbow of the Grave {speed, ^Contam
                  | rC+++ Int-5 Stlth+}
 61283 | Vaults:5 | Identified the staff of Res Ipsa Loquitur {rPois rF+ Int+3
                  | Alchemy}
 61730 | Vaults:5 | Noticed an ancient lich
 62104 | Vaults:5 | Identified the orb of the Game of Kings {mayhem, rN+ Int+3
                  | Dex-3 Slay+6}
 62106 | Vaults:5 | Reached skill level 27 in Ice Magic
 62162 | Vaults:5 | Identified the +7 rapier "Cefablergh" {flame, rF+ rC+
                  | Int+3}
 62172 | Vaults:5 | Identified the +6 broad axe of Uskayaw's Approval
                  | {antimagic, rC+ Str-4 Int+3 Dex-3}
 62390 | Vaults:5 | Reached skill level 1 in Evocations
 62544 | Vaults:5 | Killed an ancient lich
 62838 | Vaults:5 | Noticed an ancient lich
 62863 | Vaults:5 | Killed an ancient lich
 62864 | Vaults:5 | Reached XP level 25. HP: 48/262 MP: 29/44
 63514 | Vaults:5 | Identified the +3 rapier of the Lusting Fox {holy, Str+2
                  | Int+5}
 64720 | Vaults:5 | Got a silver rune of Zot
 64998 | Vaults:5 | Identified the staff "Daerch" {*Corrode rC+ rN+ Int+9 Dex-2
                  | Ice}
 65002 | Vaults:5 | Got Readal's Secrets of Supplementary Spells
 65006 | Vaults:5 | Got the Anthology of the Pestle and Lightning
 65018 | Vaults:5 | Got the Disquisition on Vapourous Lithomancy
 65597 | Zot:1    | Entered Level 1 of the Realm of Zot
 66170 | Zot:1    | Found a runed translucent gate.
 66170 | Zot:1    | Found a runed translucent gate.
 66172 | Zot:1    | Found an ancient bone altar of Kikubaaqudgha.
 66173 | Zot:1    | Noticed an ancient lich
 66173 | Zot:1    | Noticed an ancient lich
 66173 | Zot:1    | Noticed a dread lich
 66173 | Zot:1    | Noticed Patrick2011b's ghost (veteran DjAl)
 66173 | Zot:1    | Noticed a dread lich
 66174 | Zot:1    | Found a runed translucent gate.
 66174 | Zot:1    | Found the +7 mace of Variability {chaos, chaos arc}
 66184 | Zot:1    | Killed an ancient lich
 66185 | Zot:1    | Killed a dread lich
 66185 | Zot:1    | Killed Patrick2011b's ghost
 66185 | Zot:1    | Killed an ancient lich
 66186 | Zot:1    | Killed a dread lich
 66255 | Zot:1    | Identified the ring of Soimnafe {rPois rN+ Int+2}
 66264 | Zot:1    | Identified the +1 pair of gloves of Dyurph {rElec Int+3}
 66270 | Zot:1    | Got Kikubaaqudgha's Vellum of the End
 66370 | Zot:1    | Reached skill level 10 in Staves
 67174 | Zot:1    | Acquired a book of Dangerous Friends
 69677 | Zot:3    | Reached skill level 5 in Evocations
 69679 | Zot:3    | Reached XP level 26. HP: 196/276 MP: 25/45
 70977 | Zot:4    | Noticed a Killer Klown
 70996 | Zot:4    | Killed a Killer Klown
 71229 | Zot:4    | Found a shimmering altar of Xom.
 71229 | Zot:4    | Found a shimmering altar of Xom.
 71229 | Zot:4    | Found a glowing silver altar of Zin.
 71230 | Zot:4    | Found a shimmering altar of Xom.
 71231 | Zot:4    | Found a shimmering altar of Xom.
 72184 | Zot:4    | Gained mutation: Armour fits poorly on your strangely
                  | shaped body. [mutagenic glow]
 72436 | Zot:5    | Entered Level 5 of the Realm of Zot
 72513 | Zot:5    | Found a runed translucent gate.
 72513 | Zot:5    | Found a runed translucent gate.
 72513 | Zot:5    | Found a runed translucent gate.
 72513 | Zot:5    | Noticed an orb of fire
 72514 | Zot:5    | Noticed Dyodd's ghost (veteran GnGl)
 72520 | Zot:5    | Noticed an orb of fire
 72520 | Zot:5    | Noticed an orb of fire
 72527 | Zot:5    | Noticed a Killer Klown
 72527 | Zot:5    | Noticed an ancient lich
 72531 | Zot:5    | Killed an orb of fire
 73867 | Zot:5    | Killed a Killer Klown
 74304 | Zot:5    | Noticed a Killer Klown
 74307 | Zot:5    | Killed a Killer Klown
 74698 | Zot:5    | Killed an ancient lich
 74743 | Zot:5    | Noticed an ancient lich
 74750 | Zot:5    | Killed an ancient lich
 74764 | Zot:5    | Gained mutation: You are dopey. (Int -2) [an orb of fire]
 74765 | Zot:5    | Gained mutation: Your magical capacity is low. (-10% MP)
                  | [an orb of fire]
 74768 | Zot:5    | Killed an orb of fire
 75137 | Zot:5    | Noticed an ancient lich
 75139 | Zot:5    | Noticed an orb of fire
 75151 | Zot:5    | Killed an orb of fire
 75162 | Zot:5    | Killed an ancient lich
 75562 | Zot:5    | Reached XP level 27. HP: 299/299 MP: 30/43
 75751 | Zot:5    | Noticed a dread lich
 75759 | Zot:5    | Killed a dread lich
 76067 | Zot:5    | Got the Orb of Zot
 76113 | Zot:3    | Noticed Elaegg the pandemonium lord
 76113 | Zot:3    | Noticed an ancient lich
 76113 | Zot:3    | Noticed an ancient lich
 76116 | Zot:3    | Killed an ancient lich
 76116 | Zot:3    | Killed an ancient lich
 76118 | Zot:3    | Killed Elaegg the pandemonium lord
 76699 | D:2      | Noticed Fohiadd the pandemonium lord
 76756 | D:$      | Escaped with the Orb!

Illustrated notes

Levels and vault maps discovered:
D:1:      erik_arrival_blinker_ship, layout_loops_cross, minmay_pentomino_p4
D:2:      layout_basic, hellmonk_ecumenical_altar_crossroads
D:3:      layout_rooms, serial_bayou_pond_e, kennysheep_flooded_box
D:4:      layout_loops_corners, old_standard_altar, cheibriados_altar_1,
          minmay_temple_entry_arrows, serial_shops, shop_statue,
          glass_columns_c, minivault_26, uniq_ijyb
D:5:      layout_basic, grunt_dithmenos_smoke_and_mirrors,
          nicolae_ashenzari_panopticon, mainiacjoe_overflow_24_doors,
          gammafunk_ghost_split
D:6:      layout_loops_corners, nicolae_tso_besieged_by_evil,
          nicolae_overflow_crystal_walls, trog_butcher_becter,
          marbit_many_paths, solitary_fountain
D:7:      layout_basic, vehumet_altar_wand_db, nicolae_overflow_two_pavilions,
          kennysheep_nub
D:8:      layout_basic
D:9:      layout_roguey, uniq_erica
D:10:     layout_rooms, amcnicky_altar_gilded, kennysheep_okawaru_gauntlet,
          overflow_temple_1_default, erik_orc_3, hangedman_corner_corridor,
          uniq_grum
D:11:     kennysheep_seaside_town, layout_long_grid, david_lair_shrubbed,
          gauntlet_entry_generic, kennysheep_island_fort
D:12:     layout_rooms, kennysheep_generic_room_14
D:13:     layout_grid_maze, erik_vaults_2, serial_bayou_lagoon_a, uniq_erolcha
D:14:     layout_basic
D:15:     grunt_enter_depths_snipers, layout_basic, glass_columns_a,
          st_stairs_11
Temple:   hellmonk_temple_two_chambers
Lair:1:   layout_hall_layers
Lair:2:   layout_long_grid, palyth_hydra_swamp_entry,
          minmay_snake_entry_guardpost_small, worms_lemuel
Lair:3:   layout_layer_cave, beast_lair_carwin_7
Lair:4:   layout_roguey, slime_entry_1, guppyfry_lair_drakes,
          serial_bayou_shore_a, uniq_urug
Lair:5:   gammafunk_lair_ancient_temple, layout_regular_city,
          kilobyte_rumbling_trees
Swamp:1:  layout_basic_swamp, evilmike_swamp_ruin_house_4, swamp_pool_3
Swamp:2:  layout_basic_swamp, hangedman_swamp_ruin_wall
Swamp:3:  gammafunk_mikee_crab_dinner, layout_basic_swamp,
          evilmike_swamp_ruin_house_1
Swamp:4:  byrel_swamp_growth_death_and_undeath, layout_basic_swamp,
          nicolae_swamp_tree_isthmus, uniq_mara
Snake:1:  layout_concentric_octagons, serial_shops, shop
Snake:2:  layout_honeycomb, grunt_ministairs_2
Snake:3:  nicolae_cobra_stairs, layout_basic, nicolae_snake_serpentine_bazaar,
          uniq_mlioglotl
Snake:4:  minmay_snake_end_coiled, layout_onion_interference,
          hangedman_venom_bottle, uniq_nikola
Orc:1:    layout_caves, special_room [special_room_orc], serial_shops,
          nicolae_shop_trees
Orc:2:    st_orc_open, layout_caves, basic_altar, enter_volcano_4,
          uniq_saint_roka
Elf:1:    minmay_elf_arrival_plus, layout_geoelf_diagonals, serial_shops,
          nicolae_shop_back_alley_shop, minmay_elf_demonology,
          nicolae_elf_hall_of_bonks, uniq_louise, uniq_norris
Elf:2:    elven_hall_of_blades_hangedman_original
          [nicolae_blade_entry_area_security], layout_loops_corners,
          nicolae_trove_entry_isolated, serial_shops, nicolae_shop_statue_plus,
          lemuel_flamethrower_2, uniq_agnes
Elf:3:    elf_hall_gauntlet_narrow, layout_geoelf_diagonals
Vaults:1: portal_desolation_entry_nicolae_nacl, vaults_dpeg_hooks, v_misc_12,
          nicolae_vaults_cornered_office, nicolae_vaults_specimen_jars,
          nicolae_vaults_prndl, v_misc_12, nicolae_vaults_closet_pinwheel_5,
          grunt_vaults_trifunnel, nicolae_vaults_asterisk, vaults_room_pools,
          layout_vaults_big_room, serial_shops, shop
Vaults:2: v_misc_9, nicolae_vaults_stepped_doors, blue_anna_dwarven_crypt,
          v_rooms_6, nicolae_vaults_security_offices_2, nicolae_vaults_house_2,
          hangedman_vaults_stretched_pinwheel, dpeg_vaults_monster_box,
          v_alt_pattern_5, nicolae_vaults_trapezoid_layered, v_misc_8,
          nicolae_vaults_frosty_reception, nicolae_vaults_offset_grid_hallway_3,
          ontoclasm_vaults_fault, nicolae_vaults_tetromino_L_2,
          layout_vaults_omnicross
Vaults:3: nicolae_vaults_offset_grid_hallway_3, nicolae_vaults_little_squares_5,
          v_misc_14, grunt_vaults_funnel, vaults_standard_mumra_lines,
          vaults_mumra_hex, layout_vaults_quadrants, serial_shops, shop,
          uniq_zenata
Vaults:4: nicolae_vaults_border_crossing, kennysheep_ogre_elephant_herders,
          nicolae_vaults_weapon_check, nicolae_vaults_closet_pinwheel_4,
          grunt_vaults_bifocal, nicolae_vaults_more_shelving_2,
          vaults_room_pools, v_misc_26, hangedman_vaults_snaps,
          vaults_dpeg_encased_lava, v_misc_14, layout_vaults_omnibox
Vaults:5
Depths:1: lemuel_vampire_tower, layout_gridlike, minmay_misc_feat_nine_boxes,
          serial_shops, nicolae_book_shop_shelving, hell_entry,
          kiku_gazebo_garden_becter
Depths:2: dpeg_oklob_shooting_range, layout_basic, rand_demon_pan_entry_9,
          hellmouth_3, chequers_big_river
Depths:3: minmay_firetagon, layout_gridlike, pan_entry,
          abyss_entry_small_statue_room, hell_entry, serial_bayou_ford_a,
          nicolae_uskayaw_suspiria
Depths:4: evilmike_zot_entry_argh, layout_gridlike, enter_ziggurat_a,
          minmay_room_of_horrors, hell_entry
Zot:1:    layout_onion_interference, gammafunk_ghost_crypt
Zot:2:    layout_concentric_octagons, st_stairs_5
Zot:3:    layout_misc_corridors, grunt_megastairs_4, uniq_grunn
Zot:4:    dreamdust_zin_vs_xom, layout_gridlike,
          regret_index_zotdec_stipple_waver
Zot:5:    layout_onion, gammafunk_ghost_split

Skill      XL: |  1  2  3  4  5  6  7  8  9 10 11 12 13 14 15 16 17 18 19 20 21 22 23 24 25 26 27 |
---------------+----------------------------------------------------------------------------------+-----
Translocations | 1 2 3 5 6 7 8 9 10 11 12 13 | 13.0
Spellcasting   | 3 4 5 6 8 9 10 11 13 14 15 16 17 18 20 21 | 21.5
Fighting       | 1 2 3 4 5 6 7 8 10 11 12 13 14 15 16 17 18 21 22 | 22.6
Conjurations   | 4 5 6 7 8 9 10 | 10.0
Invocations    | 1 3 4 5 7 8 9 10 11 12 13 | 13.0
Armour         | 2 4 5 6 7 8 9 10 12 | 12.1
Staves         | 2 4 5 7 8 9 10 12 | 12.0
Air Magic      | 1 |  1.0
Ice Magic      | 1 3 4 6 11 15 18 21 23 25 26 27 | 27.0
Dodging        | 4 6 8 |  8.6
Evocations     | 2 5 |  5.0
Stealth        | |  1.4

Action                     |  1- 3 |  4- 6 |  7- 9 | 10-12 | 13-15 | 16-18 | 19-21 | 22-24 | 25-27 || total
---------------------------+-------+-------+-------+-------+-------+-------+-------+-------+-------++-------
  Melee: Unarmed           |    16 |       |       |       |       |       |       |       |       ||    16
         Club              |       |       |     2 |       |       |       |       |       |       ||     2
         Staff             |       |       |     3 |   108 |   124 |    69 |    54 |   125 |    91 ||   574
         Headbutt          |       |       |     1 |    35 |    47 |    21 |    24 |    45 |    43 ||   216
         Lajatang          |       |       |       |       |     2 |       |       |       |       ||     2
   Cast: Magic Dart        |    77 |    94 |    82 |     3 |       |       |       |       |       ||   256
         Searing Ray       |     1 |    10 |    56 |     7 |     4 |       |       |       |       ||    78
         Iskenderun's Myst |       |       |    14 |   183 |   306 |   267 |    61 |    53 |     2 ||   886
         Mephitic Cloud    |       |       |     3 |    12 |    10 |     5 |     1 |       |     1 ||    32
         Gell's Gavotte    |       |       |       |     3 |    29 |    29 |    25 |     3 |     1 ||    90
         Hailstorm         |       |       |       |       |   139 |   168 |     4 |       |     2 ||   313
         Frozen Ramparts   |       |       |       |       |    26 |     4 |     1 |       |       ||    31
         Ozocubu's Refrige |       |       |       |       |       |   141 |   489 |   498 |   223 ||  1351
         Dispersal         |       |       |       |       |       |       |     7 |     2 |    13 ||    22
         Polar Vortex      |       |       |       |       |       |       |     1 |    47 |    80 ||   128
 Invoke: Slouch            |       |       |       |     4 |     1 |     4 |     3 |    11 |       ||    23
         Temporal Distorti |       |       |       |       |     2 |       |       |       |     1 ||     3
         Step From Time    |       |       |       |       |       |       |       |       |     1 ||     1
  Evoke: Wand              |       |       |       |     4 |       |       |     1 |     5 |       ||    10
         Phantom mirror    |       |       |       |       |       |       |     1 |       |       ||     1
    Use: Scroll            |     2 |       |     8 |    11 |    10 |     8 |    10 |    10 |     7 ||    66
         Potion            |     1 |       |     2 |     5 |     4 |     3 |     5 |     7 |    11 ||    38
   Stab: Confused          |       |       |       |     1 |       |     2 |       |       |       ||     3
         Sleeping          |       |       |       |     1 |       |       |       |       |       ||     1
 Armour: Robe              |    36 |    21 |    61 |    33 |       |       |       |       |       ||   151
         Troll leather arm |       |       |       |    79 |       |       |       |       |       ||    79
         Fire dragon scale |       |       |       |    62 |   416 |   339 |   277 |   399 |   369 ||  1862
  Dodge: Dodged            |    15 |     8 |    63 |   162 |   223 |   161 |    73 |   108 |   150 ||   963

Table legend: (Time is in decaauts)
 A = Elapsed time spent in this place.
 B = Non-inter-level travel time spent in this place.
 C = Inter-level travel time spent in this place.
 D = Time resting spent in this place.
 E = Time spent auto-exploring this place.
 F = Levels seen in this place.
 G = Mean time per level.
                   A        B        C        D        E       F      G
               +--------+--------+--------+--------+--------+-----+--------+
         Total | 109311 |  95868 |  13443 |  22643 |  57733 |  51 | 2143.4 |
       Dungeon |  24913 |  19600 |   5313 |   2098 |  14063 |  15 | 1660.9 |
        Temple |     17 |     17 |      0 |      0 |      0 |   1 |   17.0 |
          Lair |  11661 |  10352 |   1309 |   1036 |   7928 |   5 | 2332.2 |
         Swamp |   6977 |   6294 |    683 |   1855 |   3227 |   4 | 1744.2 |
     Snake Pit |  12142 |  10877 |   1265 |   2823 |   6545 |   4 | 3035.5 |
  Orcish Mines |   3788 |   3394 |    394 |   1034 |   1518 |   2 | 1894.0 |
   Elven Halls |   7310 |   6421 |    889 |   1358 |   4028 |   3 | 2436.7 |
        Vaults |  17215 |  15129 |   2086 |   3593 |   9332 |   5 | 3443.0 |
        Depths |  10197 |   9534 |    663 |   2777 |   5366 |   4 | 2549.2 |
           Zot |  13736 |  12899 |    837 |   5788 |   5267 |   5 | 2747.2 |
       Volcano |    449 |    449 |      0 |    152 |    112 |   1 |  449.0 |
    Desolation |    117 |    117 |      0 |      7 |     36 |   1 |  117.0 |
      Gauntlet |    784 |    784 |      0 |    121 |    310 |   1 |  784.0 |
               +--------+--------+--------+--------+--------+-----+--------+

Top non-repeatable levels by time:
Vaults:5: 4746 daAuts
   Zot:5: 4211 daAuts
 Snake:2: 3895 daAuts
   Zot:2: 3702 daAuts
Vaults:3: 3262 daAuts
Vaults:2: 3157 daAuts
Vaults:1: 3154 daAuts
 Snake:4: 3135 daAuts
    D:15: 2920 daAuts
Depths:1: 2911 daAuts
Vaults:4: 2895 daAuts
Depths:4: 2813 daAuts
   Elf:3: 2756 daAuts
    D:13: 2647 daAuts
  Lair:3: 2599 daAuts
